 Dungeon Crawl Stone Soup version 0.27-a0-1245-g940ed4fa31 (webtiles) character file.

Game seed: 8389955060391831711

406 pokeman the Magician (level 6, -1/34 HPs)
             Began as a Deep Elf Hedge Wizard on June 9, 2021.
             Slain by Duvessa
             ... wielding a +0 short sword
              (8 damage)
             ... on level 4 of the Dungeon.
             The game lasted 00:06:02 (4887 turns).

pokeman the Magician (Deep Elf Hedge Wizard)        Turns: 4887, Time: 00:06:02

Health: -1/34      AC:  2    Str:  7    XL:     6   Next: 56%
Magic:  7/18       EV: 13    Int: 21    God:
Gold:   82         SH:  0    Dex: 14    Spells: 8/19 levels left

rFire    . . .     SeeInvis .   h - +0 dagger (vamp)
rCold    . . .     Faith    .   (no shield)
rNeg     . . .     Spirit   .   b - +0 robe
rPois    +         Reflect  .   c - +0 hat
rElec    .         Harm     .   (no cloak)
rCorr    .         Rampage  .   (no gloves)
Will     .....                  (no boots)
Stlth    ++........             (no amulet)
HPRegen  0.11/turn              j - ring of poison resistance
MPRegen  0.16/turn              (no ring)

@: no status effects
A: no striking features
a: no special abilities


You were on level 4 of the Dungeon.
You visited 1 branch of the dungeon, and saw 4 of its levels.

You collected 82 gold pieces.

Inventory:

Hand Weapons
 h - a +0 vampiric dagger (weapon)
Missiles
 l - 19 bolts
Armour
 b - a +0 robe (worn)
 c - a +0 hat (worn)
Jewellery
 j - a ring of poison resistance (left hand)
Wands
 n - a wand of flame (17)
Scrolls
 a - a scroll of identify {unknown}
 e - 2 scrolls of teleportation {unknown}
 i - 2 scrolls of immolation
 k - a scroll of fog {unknown}
Potions
 d - a potion of berserk rage {unknown}
 f - a potion of curing {unknown}
 g - a potion of brilliance {unknown}
 m - a potion of heal wounds {unknown}
 o - a potion of ambrosia {unknown}
 p - a potion of invisibility {unknown}


   Skills:
 - Level 1.0 Fighting
 - Level 1.0 Armour
 + Level 3.9 Dodging
 - Level 2.4 Stealth
 * Level 7.2 Spellcasting
 + Level 3.3 Conjurations
 - Level 1.1 Summonings
 - Level 1.1 Translocations
 - Level 2.1 Fire Magic
 + Level 0.7 Air Magic


You had 8 spell levels left.
You knew the following spells:

 Your Spells              Type           Power      Damage    Failure   Level
a - Magic Dart            Conj           84%        1d7       2%          1
b - Mephitic Cloud        Conj/Pois/Air  13%        N/A       14%         3
c - Call Imp              Summ           12%        N/A       9%          2
d - Blink                 Tloc           N/A        N/A       9%          2
e - Conjure Flame         Conj/Fire      19%        6-21      9%          3

Your spell library contained the following spells:

 Spells                   Type           Power      Damage    Failure   Level
 Animate Skeleton         Necr           14%        N/A       9%          1
 Pain                     Necr           28%        1d5       9%          1
 Slow                     Hex            7%         N/A       13%         2
 Vampiric Draining        Necr           3%         2d6       26%         3
 Animate Dead             Necr           3%         N/A       65%         4
 Agony                    Necr           7%         N/A       94%         5


Dungeon Overview and Level Annotations

Branches:
Dungeon (4/15)
 Temple: D:4-7

Altars:
Elyvilon
Hepliaklqana
Okawaru
Wu Jian
The Shining One

Annotations:
D:4 Duvessa


Message History

Duvessa is moderately wounded.
Duvessa is engulfed in blazing flames.
Unknown command.
You barely miss Dowan.
Dowan is lightly wounded.
Duvessa hits you with a +0 short sword!
Dowan is engulfed in blazing flames.
Dowan misses you.
Unknown command.
You hit Dowan but do no damage.
Dowan is moderately wounded.
Duvessa gestures with her weapon.
Duvessa barely misses you.
A black bear comes into view.
Dowan is engulfed in blazing flames.
Dowan misses you.
Unknown command.
Dowan is engulfed in blazing flames.
You kill Dowan!
Duvessa screams, "No!
How DARE you!"
Duvessa goes berserk!
Unknown command.
Duvessa hits you with a +0 short sword!
You hear an angry growl.
Duvessa closely misses you.
You hear an angry growl.
You see here a +0 rapier.
Casting: Mephitic Cloud (quite dangerous; 14% risk of failure)
Confirm with . or Enter, or press ? or * to list all spells.
You blink.
Casting: Blink (safe; 9% risk of failure)
Confirm with . or Enter, or press ? or * to list all spells.
A beastly little devil appears in a puff of frigid air.
Duvessa rages.
Duvessa hits you with a +0 short sword!
* * * LOW HITPOINT WARNING * * *
Duvessa closely misses you.
Your white imp hits Duvessa but does no damage.
Casting: Call Imp (safe; 9% risk of failure)
Confirm with . or Enter, or press ? or * to list all spells.
You blink.
Duvessa hits you with a +0 short sword!
You die...

#.....)...#.##
#.#########.# #.# #.# ###
#.# ##'## #.. #.# ##...##
#.# #.# ##.....## #.#
##.## #.......## #.#
####..§####.........###..
#......e@.+.........'....
#.....5#.##.........###..
#..##.##.###.......## #.#
###..#####h# ####...##
#.. #.......##.# . ##.##
### #.#.......##... ##
#.##.##)###....
#.##h#.ee.._ #....†.#


You could see Duvessa (berserk, ally target), a jackal and a friendly white imp
(summoned).

Vanquished Creatures
  Sigmund (D:3)
  A scorpion (D:3)
  Dowan (D:4)
  Terence (D:3)
  4 adders
  2 dart slugs (D:1)
  An orc (D:3)
  7 endoplasms
  6 giant cockroaches
  11 goblins
  3 hobgoblins
  6 jackals
  2 quokkas
  2 ball pythons
  3 bats
  2 frilled lizards
  11 kobolds
  10 rats
74 creatures vanquished.

Vanquished Creatures (others)
  A fungus (D:4)
  9 plants (D:3)
10 creatures vanquished.

Grand Total: 84 creatures vanquished

Notes
Turn   | Place    | Note
-------+----------+-------------------------------------------
     0 | D:1      | pokeman the Deep Elf Hedge Wizard began the quest for the
                  | Orb.
     0 | D:1      | Reached XP level 1. HP: 10/10 MP: 7/7
   402 | D:1      | Reached XP level 2. HP: 8/16 MP: 2/9
  1099 | D:1      | Reached skill level 5 in Spellcasting
  1581 | D:1      | Reached XP level 3. HP: 20/20 MP: 5/11
  1585 | D:1      | Learned a level 3 spell: Mephitic Cloud
  1588 | D:1      | Learned a level 2 spell: Call Imp
  1591 | D:1      | Learned a level 2 spell: Blink
  1595 | D:1      | Learned a level 3 spell: Conjure Flame
  2315 | D:2      | Reached skill level 1 in Armour
  2455 | D:2      | Reached skill level 1 in Fighting
  3032 | D:2      | Reached XP level 4. HP: 21/25 MP: 4/13
  3488 | D:3      | Found a faded altar of an unknown god.
  3517 | D:3      | Noticed Sigmund
  3535 | D:3      | Killed Sigmund
  3536 | D:3      | Reached skill level 6 in Spellcasting
  3536 | D:3      | Reached skill level 1 in Fire Magic
  3536 | D:3      | Reached XP level 5. HP: 19/29 MP: 8/16
  3691 | D:3      | Reached XP level 6. HP: 34/34 MP: 8/17
  3890 | D:3      | Found a hazy altar of Hepliaklqana.
  3892 | D:3      | Found a glowing golden altar of the Shining One.
  3893 | D:3      | Found an ornate altar of the Wu Jian Council.
  3908 | D:3      | Found a white marble altar of Elyvilon.
  4203 | D:3      | Noticed Terence
  4213 | D:3      | Killed Terence
  4217 | D:3      | Reached skill level 7 in Spellcasting
  4445 | D:4      | Noticed a steam dragon
  4865 | D:4      | Found an iron altar of Okawaru.
  4865 | D:4      | Noticed Dowan
  4866 | D:4      | Noticed Duvessa
  4879 | D:4      | Killed Dowan
  4887 | D:4      | Slain by Duvessa

Illustrated notes

Levels and vault maps discovered:
D:1:      saegor_arrival_under_anarchy, layout_basic, serial_forest,
          infiniplex_forest_lined_4_way, infiniplex_forest_diagonal,
          infiniplex_forest_clump_small, infiniplex_forest_lined_room_,
          infiniplex_forest_end_1, infiniplex_forest_clump_tiny
D:2:      layout_loops_ring, minivault_25, minmay_distorted
D:3:      layout_loops_ring, nicolae_overflow_quartered_altars,
          hellmonk_ecumenical_altar_blasted, serial_bayou_lake_a, uniq_terence,
          uniq_sigmund
D:4:      layout_loops_corners, grunt_qazlal_clouds, lemuel_round_altar,
          uniq_crazy_yiuf_cottage, uniq_blork_the_orc, uniq_duvessa

Skill      XL: |  1  2  3  4  5  6 |
---------------+-------------------+-----
Spellcasting   | 5 6 7 |  7.2
Armour         | 1 |  1.0
Fighting       | 1 |  1.0
Conjurations   | 2 3 |  3.3
Dodging        | 3 |  3.9
Fire Magic     | 1 2 |  2.1
Stealth        | |  2.4
Summonings     | |  1.1
Translocations | |  1.1
Air Magic      | |  0.7

Action                   |  1- 3 |  4- 6 || total
-------------------------+-------+-------++-------
Melee: Dagger            |     9 |    11 ||    20
 Cast: Magic Dart        |   116 |    57 ||   173
       Mephitic Cloud    |       |     5 ||     5
       Conjure Flame     |       |     4 ||     4
       Call Imp          |       |     2 ||     2
       Blink             |       |     3 ||     3
 Stab: Confused          |       |     1 ||     1
Armor: Robe              |     2 |     4 ||     6
Dodge: Dodged            |    19 |    16 ||    35

Table legend: (Time is in decaauts)
 A = Elapsed time spent in this place.
 B = Non-inter-level travel time spent in this place.
 C = Inter-level travel time spent in this place.
 D = Time resting spent in this place.
 E = Time spent auto-exploring this place.
 F = Levels seen in this place.
 G = Mean time per level.
                   A        B        C        D        E       F      G
               +--------+--------+--------+--------+--------+-----+--------+
         Total |   4915 |   4818 |     97 |    326 |   4087 |   4 | 1228.8 |
       Dungeon |   4915 |   4818 |     97 |    326 |   4087 |   4 | 1228.8 |
               +--------+--------+--------+--------+--------+-----+--------+

Top non-repeatable levels by time:
     D:1: 2179 daAuts
     D:3: 1401 daAuts
     D:2: 1152 daAuts
     D:4: 182 daAuts
